 Dungeon Crawl Stone Soup version 0.31-a0-187-gba352fbbf7 (webtiles) character file.

Game seed: 6014905569628577113

91 qw the Shooter (level 4, -3/25 HPs)
             Began as a Deep Elf Hunter on June 22, 2023.
             Killed by nerve-wracking pain
             ... invoked by Grinder
              (14 damage)
             ... on level 3 of the Dungeon.
             The game lasted 00:00:40 (1807 turns).

qw the Shooter (Deep Elf Hunter)                    Turns: 1807, Time: 00:00:41

Health: -3/25      AC:  6    Str: 10    XL:     4   Next: 34%
Magic:  6/6        EV: 11    Int: 14    God:
Gold:   123        SH:  0    Dex: 18    Spells: 3/3 levels left

rFire   . . .        Y - +0 shortbow
rCold   . . .        (shield currently unavailable)
rNeg    . . .        j - +0 ring mail
rPois   .            a - +0 helmet
rElec   .            (no cloak)
rCorr   .            (no gloves)
SInv    .            (no boots)
Will    .....        (no amulet)
Stlth   +            (no ring)
HPRegen 0.24/turn    (no ring)
MPRegen 0.10/turn

%: no passive effects
@: no status effects
A: no striking features
a: no special abilities


You were on level 3 of the Dungeon.
You visited 1 branch of the dungeon, and saw 3 of its levels.

You collected 123 gold pieces.


   Skills:
 - Level 1.5 Fighting
 + Level 7.8 Ranged Weapons
 - Level 2.4 Dodging
 - Level 1.2 Stealth


You had 3 spell levels left.
You didn't know any spells.
Your spell library was empty.

Inventory:

Hand Weapons
 Y - a +0 shortbow (weapon)
Armour
 a - a +0 helmet (worn)
 j - a +0 ring mail (worn)
Jewellery
 g - a ring of ice
Scrolls
 e - a scroll of identify
Potions
 b - a potion of lignification {unknown}
 c - a potion of might {unknown}
 f - 2 potions of curing {unknown}

Dungeon Overview and Level Annotations

Branches:
Dungeon (3/15)

Altars:

Annotations:
D:3 Grinder


Message History

HP restored.
You now have 123 gold pieces (gained 11).
Grinder comes into view.
Grinder shouts!
Grinder gestures at you.
You suddenly lose the ability to move!
You can move again.
Enter note:
Enter note: You shoot an arrow.
The arrow hits Grinder but does no damage.
You shoot an arrow. The arrow hits Grinder.
Grinder is lightly wounded.
Grinder misses you. Grinder hits you.
You writhe in agony.
You shoot an arrow. The arrow hits Grinder.
Grinder is moderately wounded.
Grinder closely misses you.
You shoot an arrow. The arrow barely misses Grinder.
Grinder hits you but does no damage.
You shoot an arrow. The arrow hits Grinder.
Grinder is moderately wounded.
Grinder gestures at you. Pain shoots through your body!
You shoot an arrow. The arrow barely misses Grinder.
Grinder says, "DUCK!"
Grinder hits you but does no damage.
You shoot an arrow. The arrow hits Grinder.
Grinder is heavily wounded.
Grinder misses you.
You shoot an arrow. The arrow hits Grinder!
Grinder is severely wounded.
Grinder gestures at you.
You barely resist. You shoot an arrow. The arrow closely misses Grinder.
Grinder hits you.
You shoot an arrow. The arrow closely misses Grinder.
Grinder gestures at you. Pain shoots through your body!
Ouch! That really hurt!
You die...

##.....##...#.. ..
................ #.
.......<........ #.
................ #.
###.....##..##.. #.
#.....##...<.. #.
#.....##..)...
#5####.....##......
#.@........##......
######..#..........
..........###......
#.####..### #..####
#..# #..# ....#
#..# ###..# #..#
#..# #... #..# #.##


You could see Grinder.

Vanquished Creatures
  Robin (D:2)
  2 adders (D:2)
  A worm (D:2)
  2 dart slugs (D:2)
  3 ball pythons
  2 endoplasms
  2 giant cockroaches
  10 goblins
  5 hobgoblins (D:2)
  3 jackals (D:1)
  8 kobolds
  5 bats
  3 frilled lizards (D:1)
  4 rats (D:1)
51 creatures vanquished.

Notes
Turn   | Place    | Note
-------+----------+-------------------------------------------
     0 | D:1      | qw the Deep Elf Hunter began the quest for the Orb.
     0 | D:1      | Reached XP level 1. HP: 12/12 MP: 3/3
     0 | D:1      | 0 ||| qw: Version: 0.3-a-9-g12657ce
     0 | D:1      | 0 ||| qw: Game counter: 2050
     0 | D:1      | 0 ||| qw: Always use a shield: true
     0 | D:1      | 0 ||| qw: God list: Okawaru
     0 | D:1      | 0 ||| qw: Allow faded altars: false
     0 | D:1      | 0 ||| qw: Do Orc after D:15 true
     0 | D:1      | 0 ||| qw: Do second Lair branch before Depths: true
     0 | D:1      | 0 ||| qw: Lair rune preference: random
     0 | D:1      | 0 ||| qw: Plans: Normal
     0 | D:1      | 0 ||| PLANNING D:1-11
    37 | D:1      | Found a faded altar of an unknown god.
   227 | D:1      | Reached skill level 6 in Ranged Weapons
   227 | D:1      | Reached XP level 2. HP: 16/16 MP: 4/4
   277 | D:1      | HP: 4/16 [constriction (1)]
   614 | D:1      | 614 ||| READING 2 scrolls labelled GUMAMO URUY.
   618 | D:1      | 618 ||| READING scroll labelled FAN FIYNU KISS.
   619 | D:1      | 619 ||| READING scroll labelled UTRINU MEIFRY.
   651 | D:1      | 651 ||| DROPPING scroll of butterflies.
   713 | D:2      | Reached XP level 3. HP: 20/20 MP: 5/5
   726 | D:2      | Noticed Robin
   730 | D:2      | Killed Robin
   732 | D:2      | Reached skill level 7 in Ranged Weapons
   739 | D:2      | HP: 5/20 [hobgoblin[Robin] (2)]
   740 | D:2      | 740 ||| READING scroll of teleportation.
   864 | D:2      | Reached XP level 4. HP: 25/25 MP: 6/6
  1661 | D:2      | 1661 ||| UPGRADING to +0 helmet.
  1666 | D:2      | 1666 ||| UPGRADING to +0 scale mail.
  1676 | D:2      | 1676 ||| DROPPING +0 leather armour.
  1677 | D:2      | 1677 ||| UPGRADING to +0 ring mail.
  1687 | D:2      | 1687 ||| DROPPING +0 scale mail.
  1688 | D:2      | 1688 ||| READING scroll labelled MASCHA FYHATHRU.
  1689 | D:2      | 1689 ||| READING 2 scrolls labelled ONKAL WYLAFFEO.
  1690 | D:2      | 1690 ||| READING scroll labelled HUXUWN PIJU.
  1796 | D:3      | Noticed Grinder
  1796 | D:3      | Paralysed by Grinder for 2 turns
  1807 | D:3      | Killed from afar by Grinder

Levels and vault maps discovered:
D:1:      minmay_arrival_stair_chambers, layout_basic,
          chequers_ecumenical_altar_island, minmay_tetromino_o4
D:2:      layout_loops_corners, patterned_corridor, uniq_robin
D:3:      layout_basic, grunt_gozag_breadcrumbs, supply_closet_lemuel,
          uniq_terence, uniq_grinder

Skill      XL: |  1  2  3 |
---------------+----------+-----
Ranged Weapons | 6 7 |  7.8
Fighting       | |  1.5
Dodging        | |  2.4
Stealth        | |  1.2

Action                     |  1- 3 |  4- 6 || total
---------------------------+-------+-------++-------
   Fire: Shortbow          |    88 |    59 ||   147
    Use: Scroll            |     4 |     3 ||     7
 Armour: Leather armour    |    14 |     1 ||    15
         Ring mail         |       |     8 ||     8
  Dodge: Dodged            |    42 |    11 ||    53

Table legend:
 A = Non-vault XP
 B = Vault XP
 C = Vault XP percentage of total XP
 D = Non-vault monster count
 E = Vault monster count
 F = Vault count percentage of total count
                 A         B        C        D         E       F
            +---------+---------+-------+---------+---------+-------
      Total |      90 |      41 |  31.3 |      37 |      14 |  27.5
            +---------+---------+-------+---------+---------+-------
        D:1 |      28 |       5 |  15.2 |      18 |       3 |  14.3
        D:2 |      58 |      36 |  38.3 |      16 |      11 |  40.7
        D:3 |       4 |       0 |   0.0 |       3 |       0 |   0.0
            +---------+---------+-------+---------+---------+-------
